 Dungeon Crawl Stone Soup version 0.28.0-53-g5a82cb258f (webtiles) character file.

Game seed: 1615107779837419717

13 H0rd4k the Charlatan (level 2, 0/21 HPs)
             Began as a Human Artificer on July 28, 2022.
             Succumbed to a kobold's poison
             ... on level 1 of the Dungeon.
             The game lasted 00:00:21 (766 turns).

H0rd4k the Charlatan (Human Artificer)               Turns: 766, Time: 00:00:22

Health: 0/21       AC:  3    Str: 12    XL:     2   Next: 50%
Magic:  2/2        EV: 11    Int: 11    God:
Gold:   0          SH:  0    Dex: 13    Spells: 1/1 levels left

rFire   . . .      SeeInvis .   a - +0 club
rCold   . . .      Faith    .   (no shield)
rNeg    . . .      Spirit   .   b - +0 leather armour
rPois   .          Reflect  .   (no helmet)
rElec   .          Harm     .   (no cloak)
rCorr   .          Rampage  .   (no gloves)
Will    .....                   (no boots)
Stlth   +.........              (no amulet)
HPRegen 0.07/turn               (no ring)
MPRegen 0.08/turn               (no ring)

@: lethally poisoned (0 -> -1)
A: no striking features
a: no special abilities


You were on level 1 of the Dungeon.
You visited 1 branch of the dungeon, and saw 1 of its levels.

Inventory:

Hand Weapons
 a - a +0 club (weapon)
Armour
 b - a +0 leather armour (worn)
Wands
 c - a wand of flame (11) (quivered)
 d - a wand of charming (15)
Scrolls
 g - a scroll of teleportation {unknown}
Potions
 f - a potion of berserk rage {unknown}
Miscellaneous
 e - a piece from Xom's chessboard (15/15)


   Skills:
 + Level 1.1 Fighting
 + Level 0.8 Maces & Flails
 - Level 2.0 Armour
 + Level 1.0 Dodging
 - Level 1.0 Stealth
 + Level 3.5 Evocations


You had one spell level left.
You didn't know any spells.
Your spell library was empty.

Dungeon Overview and Level Annotations

Branches:
Dungeon (1/15)

Altars:


Message History

You are too injured to fight recklessly!
You are too injured to fight recklessly!
You are too injured to fight recklessly!
You are too injured to fight recklessly!
You are too injured to fight recklessly!
You are too injured to fight recklessly!
You are too injured to fight recklessly!
You are too injured to fight recklessly!
You are too injured to fight recklessly!
Unknown command.
Aiming: Throw Flame
Press: ? - help, Shift-Dir - straight line, f - kobold
Aim: a kobold, wielding a +0 short sword and quivering stones (64% to hit)
The puff of flame hits the kobold!
You kill the kobold!
You feel sick.
Unknown command.
Aiming: Throw Flame
Press: ? - help, Shift-Dir - straight line, f - rat
Aim: a rat (71% to hit)
The puff of flame misses the rat.
You feel sick. The rat barely misses you.
Unknown command.
Aiming: Throw Flame
Press: ? - help, Shift-Dir - straight line, f/p - rat
Aim: a rat (71% to hit)
The puff of flame misses the rat.
You feel sick. The rat bites you.
* * * LOW HITPOINT WARNING * * *
Unknown command.
Aiming: Throw Flame
Press: ? - help, Shift-Dir - straight line, f/p - rat
Aim: a rat (71% to hit)
The puff of flame hits the rat.
You kill the rat!
* * * LOW HITPOINT WARNING * * *
You feel sick.
* * * LOW HITPOINT WARNING * * *
You feel sick.
* * * LOW HITPOINT WARNING * * *
You feel sick.
You die...

#.# ##.#.. #.# ##..... #.#
##...... #.# ##.....P♣ #.#
#......PP #.# #....... #)#
##......
##.#####.###########...†.#.
#.....)...@................
#########...########....###
#...# ##.#.... #.#.#
#.##### #.#.# #. #####.#.#
# ........########
#######...........
..........########


There were no monsters in sight!

Vanquished Creatures
  A ball python (D:1)
  A giant cockroach (D:1)
  4 hobgoblins (D:1)
  A bat (D:1)
  3 kobolds (D:1)
  2 rats (D:1)
12 creatures vanquished.

Notes
Turn   | Place    | Note
-------+----------+-------------------------------------------
     0 | D:1      | H0rd4k the Human Artificer began the quest for the Orb.
     0 | D:1      | Reached XP level 1. HP: 15/15 MP: 1/1
   407 | D:1      | Reached XP level 2. HP: 12/21 MP: 2/2
   765 | D:1      | HP: 1/21 [poisoned by a kobold]
   766 | D:1      | Succumbed to a kobold's poison

Illustrated notes

Levels and vault maps discovered:
D:1:      nagdon_arrival_zigzag_paths, layout_loops_ring, serial_park_tiny_1,
          patterned_corridor

Action                   || total
-------------------------++-------
Melee: Club              ||    42
       Punch             ||     1
Evoke: Wand              ||     4
 Stab: Sleeping          ||     1
Armor: Leather armour    ||    16
Dodge: Dodged            ||    20
